[ AOE2 MATCH · #459763758 ]
UnrankedKhmer vs Khmer
[ REPLAY ANALYSIS · EXTRACTED FROM THE RECORDED GAME ]
Feudal
12:21
Castle
16:00
Imperial
36:26
| APM avg | 20.4 |
| APM peak | 40 |
| eAPM avg | 13.2 |
| Villagers / military | 128 / 192 |
Focus
⚔️ 23.4% · 🌾 76.6%
Battle Elephant ×156 · Knight ×18 · Ballista Elephant ×18 · Trade Cart ×12 · Fishing Ship ×6
Feudal
—
Castle
—
Imperial
—
| APM avg | 20.8 |
| APM peak | 42 |
| eAPM avg | 16.9 |
| Villagers / military | 175 / 239 |
Focus
⚔️ 25.5% · 🌾 74.5%
Scout Cavalry ×107 · Ballista Elephant ×94 · Battle Elephant ×32 · Scorpion ×4 · Monk ×1 · Mangonel ×1
Feudal
13:07
Castle
20:03
Imperial
36:06
| APM avg | 19.4 |
| APM peak | 39 |
| eAPM avg | 15.0 |
| Villagers / military | 115 / 345 |
Focus
⚔️ 35.6% · 🌾 64.4%
Archer ×329 · Trebuchet (Packed) ×11 · Battering Ram ×5 · Fishing Ship ×1
Feudal
12:47
Castle
19:05
Imperial
—
| APM avg | 39.6 |
| APM peak | 101 |
| eAPM avg | 27.0 |
| Villagers / military | 82 / 207 |
Focus
⚔️ 24.7% · 🌾 75.3%
Spearman ×154 · Boyar ×40 · Knight ×9 · Monk ×2 · Mangonel ×2
Match map
Initial resources + every placement click. Lines = walls · curves = elevation contours. ◆ gold · ⬟ stone · ● berries · ✦ relic · ◌ wall gap
Your base· ✓ Closed at 16:00 · 14t walls · no gate
gkkhhn's base· ✓ Closed at 15:58 · 19t walls · no gate
chrske's base· ✓ Closed at 20:03 · 60t walls · no gate
Solid's base· ✓ Closed at 19:05 · 28t walls · 1 gate(s)
Smoothed initial terrain · ◌ = detected wall gap · hover for details
Inputs per minute
— swiftarcher2 - - gkkhhn
Build order — swiftarcher2
First 150 of 335 actions detected
| 0:00 | Create | Villager (Male) |
| 0:01 | Create | Villager (Male) |
| 0:02 | Build | House |
| 0:04 | Build | House |
| 0:13 | Create | Villager (Male) |
| 0:13 | Create | Villager (Male) |
| 1:26 | Build | House |
| 1:31 | Build | Palisade Wall |
| 1:33 | Create | Villager (Male) |
| 1:47 | Build | Lumber Camp |
| 2:18 | Create | Villager (Male) |
| 2:24 | Create | Villager (Male) |
| 2:26 | Research | Loom |
| 2:43 | Build | House |
| 2:46 | Build | Palisade Wall |
| 3:02 | Create | Villager (Male) |
| 3:03 | Create | Villager (Male) |
| 3:19 | Create | Villager (Male) |
| 3:46 | Create | Villager (Male) |
| 4:01 | Create | Villager (Male) |
| 4:45 | Create | Villager (Male) |
| 5:07 | Build | Dock |
| 5:22 | Create | Villager (Male) |
| 5:22 | Create | Villager (Male) |
| 5:47 | Create | Fishing Ship |
| 6:19 | Create | Fishing Ship |
| 6:31 | Create | Villager (Male) |
| 6:38 | Build | House |
| 6:40 | Create | Villager (Male) |
| 7:34 | Create | Villager (Male) |
| 7:34 | Create | Villager (Male) |
| 7:36 | Create | Fishing Ship |
| 7:58 | Build | House |
| 8:19 | Create | Villager (Male) |
| 8:19 | Create | Villager (Male) |
| 8:49 | Build | Mill |
| 8:55 | Create | Villager (Male) |
| 8:56 | Create | Villager (Male) |
| 9:21 | Create | Villager (Male) |
| 9:32 | Create | Fishing Ship |
| 10:03 | Research | Feudal Age |
| 10:04 | Create | Villager (Male) |
| 10:11 | Build | House |
| 10:30 | Build | House |
| 10:33 | Create | Fishing Ship |
| 10:43 | Build | House |
| 11:21 | Build | Mining Camp |
| 11:51 | Build | House |
| 12:21 | Age | Feudal Age |
| 12:28 | Create | Fishing Ship |
| 12:39 | Build | Fish Trap |
| 12:50 | Create | Villager (Male) |
| 12:50 | Create | Villager (Male) |
| 13:19 | Research | Castle Age |
| 13:29 | Build | Mining Camp |
| 13:51 | Research | Double-Bit Axe |
| 14:12 | Build | Lumber Camp |
| 14:40 | Build | House |
| 14:57 | Build | Fish Trap |
| 15:30 | Build | Fish Trap |
| 16:00 | Age | Castle Age |
| 16:05 | Build | Town Center |
| 16:10 | Create | Villager (Male) |
| 16:10 | Create | Villager (Male) |
| 16:11 | Create | Villager (Male) |
| 16:22 | Build | Fish Trap |
| 16:41 | Build | Fish Trap |
| 17:03 | Build | Farm |
| 17:07 | Research | Wheelbarrow |
| 17:39 | Create | Villager (Male) |
| 17:39 | Create | Villager (Male) |
| 17:40 | Create | Villager (Male) |
| 17:40 | Create | Villager (Male) |
| 17:52 | Build | Market |
| 17:54 | Create | Villager (Male) |
| 17:54 | Create | Villager (Male) |
| 18:09 | Build | Farm |
| 18:11 | Build | Farm |
| 18:12 | Create | Villager (Male) |
| 18:13 | Create | Villager (Male) |
| 18:32 | Build | Farm |
| 18:35 | Build | Farm |
| 18:38 | Create | Villager (Male) |
| 18:51 | Create | Villager (Male) |
| 19:06 | Create | Villager (Male) |
| 19:06 | Create | Villager (Male) |
| 19:10 | Build | Town Center |
| 19:13 | Create | Villager (Male) |
| 19:19 | Build | Farm |
| 19:24 | Research | Horse Collar |
| 19:34 | Create | Trade Cart |
| 19:38 | Create | Villager (Male) |
| 19:55 | Build | Farm |
| 19:56 | Build | Farm |
| 19:59 | Build | Farm |
| 20:07 | Create | Villager (Male) |
| 20:28 | Build | Farm |
| 20:29 | Build | Farm |
| 20:30 | Create | Villager (Male) |
| 20:31 | Create | Villager (Male) |
| 20:42 | Create | Villager (Male) |
| 20:42 | Create | Villager (Male) |
| 20:57 | Create | Villager (Male) |
| 20:58 | Create | Villager (Male) |
| 20:58 | Create | Villager (Male) |
| 21:07 | Create | Villager (Male) |
| 21:15 | Create | Villager (Male) |
| 21:16 | Create | Villager (Male) |
| 21:19 | Build | Farm |
| 21:22 | Build | Farm |
| 21:23 | Build | Farm |
| 21:24 | Build | Farm |
| 21:25 | Create | Villager (Male) |
| 21:29 | Create | Trade Cart ×2 |
| 21:30 | Create | Villager (Male) |
| 21:31 | Create | Villager (Male) |
| 21:37 | Build | Farm |
| 21:38 | Create | Villager (Male) |
| 22:05 | Create | Villager (Male) |
| 22:06 | Create | Villager (Male) |
| 22:08 | Build | Farm |
| 22:09 | Create | Villager (Male) |
| 22:14 | Create | Trade Cart |
| 22:28 | Build | House |
| 22:32 | Build | House |
| 22:36 | Build | Farm |
| 22:47 | Build | Castle |
| 22:48 | Create | Villager (Male) |
| 22:48 | Create | Villager (Male) |
| 22:49 | Create | Villager (Male) |
| 22:49 | Create | Villager (Male) |
| 22:50 | Create | Villager (Male) |
| 22:52 | Build | Farm |
| 22:59 | Create | Villager (Male) |
| 23:00 | Create | Villager (Male) |
| 23:16 | Build | Town Center |
| 23:21 | Create | Villager (Male) |
| 23:21 | Create | Villager (Male) |
| 23:25 | Build | Farm |
| 23:33 | Research | Hand Cart |
| 23:34 | Create | Villager (Male) |
| 23:35 | Create | Villager (Male) |
| 23:52 | Build | Farm |
| 23:59 | Create | Villager (Male) |
| 24:00 | Create | Villager (Male) |
| 24:02 | Create | Villager (Male) |
| 24:06 | Create | Trade Cart |
| 24:09 | Build | House |
| 24:14 | Build | Farm |
| 24:17 | Create | Villager (Male) |
Build order — gkkhhn
First 150 of 476 actions detected
| 0:01 | Create | Villager (Male) |
| 0:01 | Create | Villager (Male) |
| 0:01 | Create | Villager (Male) |
| 0:02 | Create | Villager (Male) |
| 0:02 | Create | Villager (Male) |
| 0:03 | Build | House |
| 0:04 | Build | House |
| 0:57 | Research | Loom |
| 0:57 | Create | Villager (Male) |
| 0:57 | Create | Villager (Male) |
| 1:30 | Create | Villager (Male) |
| 2:04 | Build | Palisade Wall |
| 2:20 | Create | Villager (Male) |
| 2:38 | Create | Villager (Male) |
| 2:38 | Create | Villager (Male) |
| 3:01 | Build | Farm |
| 3:04 | Build | Farm |
| 3:14 | Create | Villager (Male) |
| 3:15 | Create | Villager (Male) |
| 3:30 | Create | Villager (Male) |
| 3:30 | Create | Villager (Male) |
| 4:10 | Create | Villager (Male) |
| 4:24 | Create | Villager (Male) |
| 4:38 | Build | House |
| 4:58 | Create | Villager (Male) |
| 4:58 | Create | Villager (Male) |
| 4:59 | Create | Villager (Male) |
| 4:59 | Create | Villager (Male) |
| 5:15 | Build | House |
| 5:18 | Build | House |
| 5:25 | Build | House |
| 5:27 | Create | Villager (Male) |
| 5:27 | Create | Villager (Male) |
| 6:15 | Create | Villager (Male) |
| 6:15 | Create | Villager (Male) |
| 6:42 | Build | Mill |
| 6:53 | Create | Villager (Male) |
| 6:53 | Create | Villager (Male) |
| 6:53 | Create | Villager (Male) |
| 7:49 | Create | Villager (Male) |
| 7:49 | Create | Villager (Male) |
| 7:49 | Create | Villager (Male) |
| 7:49 | Create | Villager (Male) |
| 8:11 | Build | Lumber Camp |
| 9:00 | Build | Mining Camp |
| 9:16 | Create | Villager (Male) |
| 9:41 | Research | Feudal Age |
| 10:44 | Build | House |
| 10:46 | Build | House |
| 10:47 | Build | House |
| 11:04 | Create | Villager (Male) |
| 11:04 | Create | Villager (Male) |
| 11:05 | Create | Villager (Male) |
| 11:05 | Create | Villager (Male) |
| 11:05 | Create | Villager (Male) |
| 11:15 | Create | Villager (Male) |
| 11:30 | Create | Villager (Male) |
| 11:30 | Create | Villager (Male) |
| 11:39 | Create | Villager (Male) |
| 12:08 | Research | Double-Bit Axe |
| 12:11 | Research | Horse Collar |
| 12:31 | Build | Mining Camp |
| 12:43 | Build | Farm |
| 13:21 | Build | Stone Wall |
| 13:35 | Build | Farm |
| 14:03 | Build | Farm |
| 14:16 | Build | Farm |
| 14:20 | Build | Farm |
| 14:23 | Build | Farm |
| 14:26 | Build | Farm |
| 14:30 | Build | Farm |
| 14:32 | Build | Farm |
| 14:35 | Build | Farm |
| 14:41 | Build | Farm |
| 14:49 | Build | Farm |
| 15:39 | Build | House |
| 15:58 | Research | Castle Age |
| 16:02 | Build | House |
| 16:04 | Build | House |
| 16:06 | Build | House |
| 16:10 | Build | House |
| 16:19 | Build | Stone Wall |
| 16:25 | Build | Stone Wall |
| 16:46 | Build | Farm |
| 16:51 | Research | Stone Mining |
| 16:52 | Research | Gold Mining |
| 16:54 | Create | Villager (Male) |
| 17:12 | Build | Stone Wall |
| 17:12 | Build | Stone Wall |
| 17:14 | Build | Stone Wall |
| 17:16 | Build | Stone Wall |
| 18:12 | Research | Wheelbarrow |
| 18:41 | Build | Siege Workshop |
| 18:47 | Research | Heavy Plow |
| 18:48 | Research | Bow Saw |
| 18:59 | Build | Town Center |
| 19:15 | Build | Town Center |
| 19:59 | Research | Stone Shaft Mining |
| 20:01 | Create | Villager (Male) |
| 20:01 | Create | Villager (Male) |
| 20:03 | Create | Villager (Male) |
| 20:06 | Create | Villager (Male) |
| 20:23 | Create | Villager (Male) |
| 20:24 | Create | Villager (Male) |
| 20:28 | Create | Villager (Male) |
| 20:29 | Create | Villager (Male) |
| 20:32 | Create | Villager (Male) |
| 20:37 | Create | Mangonel |
| 20:44 | Create | Villager (Male) |
| 20:45 | Create | Villager (Male) |
| 20:54 | Build | House |
| 20:55 | Build | House |
| 20:57 | Build | House |
| 20:58 | Build | House |
| 20:59 | Build | House |
| 21:00 | Build | House |
| 21:01 | Build | House |
| 21:07 | Build | Stone Wall |
| 21:09 | Create | Villager (Male) |
| 21:09 | Create | Villager (Male) |
| 21:09 | Create | Villager (Male) |
| 21:10 | Create | Villager (Male) |
| 21:18 | Create | Villager (Male) |
| 21:31 | Create | Villager (Male) |
| 21:40 | Build | Town Center |
| 21:49 | Create | Villager (Male) |
| 21:49 | Create | Villager (Male) |
| 22:09 | Research | Hand Cart |
| 22:18 | Create | Villager (Male) |
| 22:25 | Create | Villager (Male) |
| 22:25 | Create | Villager (Male) |
| 22:28 | Build | Farm |
| 22:33 | Build | Farm |
| 22:34 | Create | Villager (Male) |
| 22:34 | Create | Villager (Male) |
| 22:48 | Create | Villager (Male) |
| 22:48 | Create | Villager (Male) |
| 22:50 | Create | Villager (Male) |
| 23:01 | Build | Blacksmith |
| 23:05 | Build | University |
| 23:07 | Create | Villager (Male) |
| 23:07 | Create | Villager (Male) |
| 23:08 | Create | Villager (Male) |
| 23:13 | Create | Villager (Male) |
| 23:13 | Create | Villager (Male) |
| 23:21 | Create | Villager (Male) |
| 23:21 | Create | Villager (Male) |
| 23:23 | Build | Farm |
| 23:28 | Create | Villager (Male) |
| 23:36 | Create | Villager (Male) |
Build order — chrske
First 150 of 354 actions detected
| 0:00 | Create | Villager (Male) |
| 0:01 | Create | Villager (Male) |
| 0:01 | Create | Villager (Male) |
| 0:01 | Create | Villager (Male) |
| 0:03 | Build | House |
| 0:12 | Research | Loom |
| 0:26 | Build | House |
| 0:53 | Create | Villager (Male) |
| 0:53 | Create | Villager (Male) |
| 0:53 | Create | Villager (Male) |
| 1:20 | Build | Palisade Wall |
| 1:23 | Build | Palisade Wall |
| 1:41 | Create | Villager (Male) |
| 2:19 | Create | Villager (Male) |
| 2:45 | Create | Villager (Male) |
| 2:49 | Build | House |
| 2:50 | Build | House |
| 3:13 | Create | Villager (Male) |
| 3:17 | Build | House |
| 3:36 | Create | Villager (Male) |
| 3:38 | Create | Villager (Male) |
| 3:38 | Create | Villager (Male) |
| 4:44 | Build | House |
| 5:17 | Create | Villager (Male) |
| 5:17 | Create | Villager (Male) |
| 5:22 | Build | House |
| 5:23 | Build | House |
| 5:33 | Create | Villager (Male) |
| 5:50 | Create | Villager (Male) |
| 6:17 | Create | Villager (Male) |
| 6:37 | Create | Villager (Male) |
| 6:38 | Create | Villager (Male) |
| 6:51 | Build | House |
| 6:52 | Build | House |
| 6:57 | Create | Villager (Male) |
| 6:57 | Create | Villager (Male) |
| 7:13 | Build | House |
| 7:21 | Build | Palisade Wall |
| 7:22 | Build | Palisade Wall |
| 8:00 | Create | Villager (Male) |
| 8:01 | Create | Villager (Male) |
| 8:23 | Build | Mill |
| 8:35 | Create | Villager (Male) |
| 8:35 | Create | Villager (Male) |
| 9:11 | Build | Lumber Camp |
| 9:51 | Create | Villager (Male) |
| 10:13 | Create | Villager (Male) |
| 10:41 | Build | Mill |
| 10:57 | Research | Feudal Age |
| 11:33 | Build | Mining Camp |
| 11:52 | Create | Villager (Male) |
| 11:52 | Create | Villager (Male) |
| 11:53 | Create | Villager (Male) |
| 13:02 | Build | Dock |
| 13:07 | Age | Feudal Age |
| 13:17 | Build | Stone Wall |
| 13:21 | Build | Stone Wall |
| 13:28 | Research | Double-Bit Axe |
| 13:32 | Research | Horse Collar |
| 13:46 | Build | Farm |
| 13:59 | Create | Fishing Ship |
| 14:15 | Build | Farm |
| 14:24 | Create | Villager (Male) |
| 14:33 | Build | Farm |
| 14:49 | Create | Villager (Male) |
| 14:50 | Create | Villager (Male) |
| 15:01 | Build | Farm |
| 15:11 | Build | Farm |
| 15:34 | Build | Farm |
| 16:20 | Build | Blacksmith |
| 16:28 | Create | Villager (Male) |
| 16:46 | Create | Villager (Male) |
| 16:57 | Build | Market |
| 17:23 | Research | Castle Age |
| 17:43 | Build | Barracks |
| 17:50 | Create | Villager (Male) |
| 17:50 | Create | Villager (Male) |
| 17:55 | Build | Farm |
| 18:19 | Build | Farm |
| 18:25 | Build | Farm |
| 18:29 | Build | Farm |
| 18:34 | Build | Farm |
| 18:49 | Build | Archery Range |
| 19:07 | Research | Wheelbarrow |
| 19:15 | Create | Villager (Male) |
| 19:16 | Create | Villager (Male) |
| 19:37 | Build | Stone Wall |
| 20:03 | Age | Castle Age |
| 20:07 | Build | Town Center |
| 20:20 | Research | Bow Saw |
| 20:23 | Research | Gold Mining |
| 20:35 | Research | Heavy Plow |
| 21:00 | Create | Villager (Male) |
| 21:01 | Create | Villager (Male) |
| 21:22 | Build | Farm |
| 21:28 | Build | Farm |
| 21:35 | Create | Villager (Male) |
| 21:35 | Create | Villager (Male) |
| 21:36 | Create | Villager (Male) |
| 21:51 | Build | Town Center |
| 21:56 | Build | Farm |
| 22:15 | Create | Villager (Male) |
| 22:16 | Create | Villager (Male) |
| 22:16 | Create | Villager (Male) |
| 22:16 | Create | Villager (Male) |
| 22:17 | Create | Villager (Male) |
| 22:38 | Build | University |
| 22:41 | Create | Villager (Male) |
| 22:41 | Create | Villager (Male) |
| 22:52 | Build | Farm |
| 22:59 | Build | Farm |
| 23:14 | Create | Villager (Male) |
| 23:14 | Create | Villager (Male) |
| 23:32 | Build | Farm |
| 23:35 | Build | Farm |
| 23:42 | Create | Villager (Male) |
| 23:42 | Create | Villager (Male) |
| 23:43 | Create | Villager (Male) |
| 23:44 | Create | Villager (Male) |
| 23:45 | Create | Villager (Male) |
| 23:45 | Create | Villager (Male) |
| 23:45 | Create | Villager (Male) |
| 23:58 | Build | Archery Range |
| 24:02 | Create | Villager (Male) |
| 24:03 | Create | Villager (Male) |
| 24:17 | Research | Stone Mining |
| 24:33 | Build | Gate |
| 24:37 | Create | Villager (Male) |
| 24:38 | Create | Villager (Male) |
| 24:51 | Research | Padded Archer Armor |
| 25:00 | Build | Archery Range |
| 25:04 | Create | Villager (Male) |
| 25:04 | Create | Villager (Male) |
| 25:13 | Create | Villager (Male) |
| 25:14 | Create | Villager (Male) |
| 25:14 | Create | Villager (Male) |
| 25:14 | Create | Villager (Male) |
| 25:22 | Build | Farm |
| 25:40 | Research | Crossbowman (upgrade) |
| 25:54 | Research | Ballistics |
| 25:59 | Create | Villager (Male) |
| 25:59 | Create | Villager (Male) |
| 26:00 | Create | Villager (Male) |
| 26:00 | Create | Villager (Male) |
| 26:09 | Build | Farm |
| 26:13 | Build | Farm |
| 26:34 | Build | Farm |
| 26:42 | Create | Villager (Male) |
| 26:42 | Create | Villager (Male) |
| 26:42 | Create | Villager (Male) |
Build order — Solid
First 150 of 400 actions detected
| 0:03 | Build | House |
| 0:04 | Build | House |
| 0:05 | Create | Villager (Male) |
| 0:05 | Create | Villager (Male) |
| 0:05 | Create | Villager (Male) |
| 0:24 | Create | Villager (Male) |
| 1:05 | Build | Palisade Wall |
| 1:10 | Research | Loom |
| 1:21 | Build | Palisade Wall |
| 1:27 | Create | Villager (Male) |
| 2:15 | Create | Villager (Male) |
| 2:15 | Create | Villager (Male) |
| 2:39 | Create | Villager (Male) |
| 2:50 | Create | Villager (Male) |
| 3:35 | Build | Mill |
| 3:36 | Create | Villager (Male) |
| 3:50 | Create | Villager (Male) |
| 4:19 | Create | Villager (Male) |
| 4:43 | Create | Villager (Male) |
| 4:43 | Create | Villager (Male) |
| 4:51 | Build | House |
| 5:03 | Create | Villager (Male) |
| 5:28 | Build | House |
| 5:30 | Create | Villager (Male) |
| 5:31 | Create | Villager (Male) |
| 6:10 | Create | Villager (Male) |
| 6:18 | Create | Villager (Male) |
| 7:19 | Create | Villager (Male) |
| 7:24 | Build | Mining Camp |
| 7:35 | Create | Villager (Male) |
| 7:57 | Build | Lumber Camp |
| 8:05 | Create | Villager (Male) |
| 8:32 | Create | Villager (Male) |
| 8:45 | Create | Villager (Male) |
| 8:46 | Create | Villager (Male) |
| 9:27 | Build | House |
| 9:40 | Create | Villager (Male) |
| 9:49 | Create | Villager (Male) |
| 10:36 | Research | Feudal Age |
| 10:41 | Build | Farm |
| 10:42 | Build | Farm |
| 10:42 | Build | Farm |
| 10:43 | Build | Farm |
| 10:44 | Build | Farm |
| 10:54 | Build | Farm |
| 11:19 | Build | Farm |
| 11:54 | Build | House |
| 12:24 | Build | Barracks |
| 12:47 | Create | Villager (Male) |
| 12:47 | Age | Feudal Age |
| 12:47 | Create | Villager (Male) |
| 12:54 | Research | Double-Bit Axe |
| 13:09 | Build | Market |
| 13:26 | Build | Stone Wall |
| 13:34 | Build | Stone Wall |
| 13:37 | Create | Villager (Male) |
| 13:41 | Create | Villager (Male) |
| 13:48 | Research | Gold Mining |
| 14:02 | Build | Blacksmith |
| 14:07 | Create | Villager (Male) |
| 14:26 | Build | Gate |
| 14:50 | Create | Villager (Male) |
| 14:53 | Research | Horse Collar |
| 14:55 | Build | Farm |
| 15:20 | Build | Farm |
| 16:25 | Research | Castle Age |
| 16:28 | Create | Spearman |
| 16:54 | Build | Mining Camp |
| 17:10 | Create | Spearman |
| 17:40 | Research | Stone Mining |
| 17:47 | Research | Scale Barding Armor |
| 19:05 | Age | Castle Age |
| 19:09 | Create | Villager (Male) |
| 19:22 | Create | Villager (Male) |
| 19:29 | Research | Heavy Plow |
| 19:34 | Research | Bow Saw |
| 19:41 | Build | Town Center |
| 19:44 | Create | Villager (Male) |
| 19:48 | Create | Villager (Male) |
| 20:01 | Build | Farm |
| 20:10 | Build | House |
| 20:30 | Build | House |
| 20:34 | Create | Villager (Male) |
| 20:37 | Build | Farm |
| 20:49 | Create | Villager (Male) |
| 20:52 | Build | Farm |
| 21:03 | Research | Gold Shaft Mining |
| 21:07 | Create | Villager (Male) |
| 21:33 | Create | Villager (Male) |
| 21:34 | Create | Villager (Male) |
| 21:34 | Create | Villager (Male) |
| 21:46 | Build | House |
| 22:10 | Build | Town Center |
| 22:10 | Create | Villager (Male) |
| 22:11 | Create | Villager (Male) |
| 22:11 | Create | Villager (Male) |
| 22:13 | Create | Villager (Male) |
| 22:21 | Create | Villager (Male) |
| 22:32 | Create | Villager (Male) |
| 22:47 | Create | Villager (Male) |
| 22:47 | Create | Villager (Male) |
| 23:04 | Build | Farm |
| 23:12 | Build | Siege Workshop |
| 23:25 | Create | Villager (Male) |
| 23:34 | Build | Farm |
| 23:36 | Create | Villager (Male) |
| 23:43 | Build | Lumber Camp |
| 23:49 | Create | Mangonel |
| 24:08 | Build | Farm |
| 24:11 | Build | Farm |
| 24:13 | Create | Villager (Male) |
| 24:20 | Create | Villager (Male) |
| 24:21 | Create | Villager (Male) |
| 24:21 | Create | Villager (Male) |
| 24:27 | Create | Villager (Male) |
| 24:27 | Create | Villager (Male) |
| 24:27 | Create | Villager (Male) |
| 24:28 | Create | Villager (Male) |
| 24:28 | Create | Villager (Male) |
| 24:30 | Create | Villager (Male) |
| 24:43 | Build | Castle |
| 25:06 | Create | Villager (Male) |
| 25:06 | Create | Villager (Male) |
| 25:07 | Create | Villager (Male) |
| 25:07 | Create | Villager (Male) |
| 25:15 | Build | Farm |
| 25:43 | Create | Villager (Male) |
| 25:43 | Create | Villager (Male) |
| 25:43 | Create | Villager (Male) |
| 25:43 | Create | Villager (Male) |
| 25:51 | Build | House |
| 25:52 | Build | House |
| 25:54 | Build | House |
| 25:55 | Build | House |
| 25:56 | Build | House |
| 25:56 | Build | House |
| 25:56 | Build | House |
| 25:57 | Build | House |
| 25:57 | Build | House |
| 26:04 | Create | Boyar |
| 26:04 | Create | Boyar |
| 26:04 | Create | Boyar |
| 26:31 | Build | Monastery |
| 26:44 | Create | Villager (Male) |
| 26:44 | Create | Villager (Male) |
| 26:44 | Create | Villager (Male) |
| 26:44 | Create | Villager (Male) |
| 26:51 | Create | Boyar |
| 26:51 | Create | Boyar |
| 27:10 | Build | Mining Camp |
Match timeline
| 1:05 | Solid · wall_segment Palisade Wall x6 |
| 1:20 | chrske · wall_segment Palisade Wall x11 |
| 1:21 | Solid · wall_segment Palisade Wall x8 |
| 1:23 | chrske · wall_segment Palisade Wall x11 |
| 1:31 | swiftarcher2 · wall_segment Palisade Wall x8 |
| 2:04 | gkkhhn · wall_segment Palisade Wall x10 |
| 2:46 | swiftarcher2 · wall_segment Palisade Wall x6 |
| 5:07 | swiftarcher2 · first_building Dock |
| 7:21 | chrske · wall_segment Palisade Wall x4 |
| 7:22 | chrske · wall_segment Palisade Wall x3 |
| 12:21 | swiftarcher2 · age_up feudal |
| 12:24 | Solid · first_building Barracks |
| 12:47 | Solid · age_up feudal |
| 13:02 | chrske · first_building Dock |
| 13:07 | chrske · age_up feudal |
| 13:17 | chrske · wall_segment Stone Wall x12 |
| 13:21 | gkkhhn · wall_segment Stone Wall x9 |
| 13:21 | chrske · wall_segment Stone Wall x14 |
| 13:26 | Solid · wall_segment Stone Wall x7 |
| 13:34 | Solid · wall_segment Stone Wall x7 |
| 15:29 | Solid · first_market_buy 100 food |
| 15:31 | Solid · first_market_sell 100 wood |
| 16:00 | swiftarcher2 · age_up castle |
| 16:19 | gkkhhn · wall_segment Stone Wall x6 |
| 16:25 | gkkhhn · wall_segment Stone Wall x9 |
| 17:12 | gkkhhn · wall_segment Stone Wall x1 |
| 17:12 | gkkhhn · wall_segment Stone Wall x1 |
| 17:14 | gkkhhn · wall_segment Stone Wall x1 |
| 17:16 | gkkhhn · wall_segment Stone Wall x1 |
| 17:43 | chrske · first_building Barracks |
| 18:40 | chrske · first_market_buy 100 wood |
| 18:41 | gkkhhn · first_building Siege Workshop |
| 18:49 | chrske · first_building Archery Range |
| 19:05 | Solid · age_up castle |
| 19:37 | chrske · wall_segment Stone Wall x12 |
| 20:03 | chrske · age_up castle |
| 20:17 | chrske · first_market_sell 100 food |
| 21:07 | gkkhhn · wall_segment Stone Wall x1 |
| 22:47 | swiftarcher2 · first_building Castle |
| 23:12 | Solid · first_building Siege Workshop |
| 24:22 | gkkhhn · first_building Monastery |
| 24:34 | swiftarcher2 · first_building Stable |
| 24:43 | Solid · first_building Castle |
| 26:03 | gkkhhn · first_market_sell 100 wood |
| 26:31 | Solid · first_building Monastery |
| 28:38 | Solid · first_building Stable |
| 29:05 | gkkhhn · first_building Castle |
| 30:09 | gkkhhn · first_building Stable |
| 30:47 | Solid · wall_segment Stone Wall x8 |
| 30:54 | Solid · wall_segment Stone Wall x1 |
| 30:56 | Solid · wall_segment Stone Wall x7 |
| 31:07 | chrske · first_building Castle |
| 34:21 | chrske · first_building Siege Workshop |
| 34:47 | gkkhhn · tribute_sent a jugador 2 |
| 34:47 | gkkhhn · tribute_sent a jugador 3 |
| 34:47 | gkkhhn · tribute_sent a jugador 4 |
| 36:06 | chrske · age_up imperial |
| 36:26 | swiftarcher2 · age_up imperial |
| 38:42 | swiftarcher2 · first_market_buy 100 stone |
| 43:06 | swiftarcher2 · first_market_sell 500 wood |
| 47:31 | gkkhhn · tribute_sent a jugador 2 |
| 47:31 | gkkhhn · tribute_sent a jugador 3 |
| 47:31 | gkkhhn · tribute_sent a jugador 4 |
| 50:22 | gkkhhn · tribute_sent a jugador 2 |
| 50:22 | gkkhhn · tribute_sent a jugador 3 |
| 50:22 | gkkhhn · tribute_sent a jugador 4 |
| 51:50 | gkkhhn · resign |
[ AI ANALYSIS · 1 CREDIT ]
What really happened in this match?
Wolo.gg analyzes every decision: build order, eco, micro, common mistakes by bracket. Personalized analysis on WhatsApp or Discord in 30 seconds.
Civ guide
Khmer
Perfil
Jugador #8391813